 Dungeon Crawl Stone Soup version 0.21.1-1-g345015f (webtiles) character file.

88 Fang the Skirmisher (level 4, -2/29 HPs)
             Began as a Gargoyle Berserker on May 22, 2018.
             Was a Believer of Trog.
             Slain by a kobold
             ... wielding a +0 short sword
              (4 damage)
             ... on level 3 of the Dungeon.
             The game lasted 00:03:04 (2410 turns).

Fang the Skirmisher (Gargoyle Berserker)            Turns: 2410, Time: 00:03:05

Health: -2/29      AC:  7    Str: 22    XL:     4   Next: 53%
Magic:  4/4        EV: 12    Int:  7    God:    Trog [**....]
Gold:   75         SH:  0    Dex:  9    Spells: 3/3 levels left

rFire    . . .     SeeInvis .   a - +0 hand axe
rCold    . . .     Gourm    .   (no shield)
rNeg     + . .     Faith    .   b - +0 animal skin
rPois    ∞         Spirit   .   p - +2 hat
rElec    +         Reflect  .   (no cloak)
rCorr    .         Harm     .   (no gloves)
MR       .....                  (no boots)
Stlth    +.........             (no amulet)
HPRegen  0.09/turn              (no ring)
MPRegen  0.09/turn              (no ring)

@: about to teleport
A: negative energy resistance 1, electricity resistance, unbreathing,
petrification resistance, rot immunity, AC +3
a: Berserk, Trog's Hand, Burn Spellbooks, Renounce Religion


You were on level 3 of the Dungeon.
You worshipped Trog.
Trog was pleased with you.
You were hungry.

You visited 1 branch of the dungeon, and saw 3 of its levels.

You collected 75 gold pieces.

Inventory:

Hand Weapons
 a - a +0 hand axe (weapon)
Armour
 b - a +0 animal skin (worn)
 p - a +2 hat (worn)
Scrolls
 d - a scroll of random uselessness {unknown}
 f - 2 scrolls of teleportation
 h - a scroll of remove curse {unknown}
 j - 2 scrolls of fog {unknown}
 o - 2 scrolls of identify {unknown}
 q - a scroll of fear {unknown}
Potions
 e - 2 potions of lignification {unknown}
 g - a potion of invisibility {unknown}
 i - 2 potions of curing {unknown}
 k - a potion of cancellation {unknown}
 l - a potion of degeneration {unknown}
 m - a potion of brilliance {unknown}
 n - a potion of berserk rage {unknown}
 r - 2 potions of ambrosia {unknown}
Comestibles
 c - 7 rations


   Skills:
 + Level 4.0 Fighting
 + Level 3.8 Axes
 + Level 2.2 Armour
 + Level 2.2 Dodging
 + Level 0.3 Stealth


You had 3 spell levels left.
You didn't know any spells.

Dungeon Overview and Level Annotations

Branches:
Dungeon (3/15)

Altars:

Annotations:
D:3 leafyfresh's ghost, amateur MfTm


Innate Abilities, Weirdness & Mutations

You are resistant to torment.
Your stone body is resilient. (AC +3)
You are immune to poison.
You resist negative energy. (rN+)
You are resistant to electric shocks. (rElec)
You can survive without breathing.
You are immune to petrification.
You are immune to rotting.


Message History

The kobold barely misses you. The orc closely misses you.
Leafyfresh's ghost closely misses you. The orc misses you.
Unknown command.
You barely miss the kobold. You hit the orc. You hit leafyfresh's ghost.
You hit the orc but do no damage. The kobold closely misses you.
The orc hits you with a hand axe.
* * * LOW HITPOINT WARNING * * *
Leafyfresh's ghost hits you but does no damage.
The orc barely misses you. The kobold hits you with a short sword.
* * * LOW HITPOINT WARNING * * *
As you read the scroll labeled PIBLAU ZONIOPT, it crumbles to dust.
You feel strangely unstable.
It was a scroll of teleportation.
The kobold barely misses you. The orc barely misses you.
Leafyfresh's ghost hits you but does no damage.
The orc closely misses you.
Okay, then.
You barely miss the kobold. You barely miss the orc.
You barely miss leafyfresh's ghost. You hit the orc but do no damage.
The kobold hits you with a short sword.
You die...

#........# ##
.........#..
.....(...#.#
...........
.......... .
......... ...#
........# .#..# ..
#Wo# ..... #...
#o@#..... #...#
#.K#..#.#. #...#
#......... #...#
#..###.###
#####...######.#
#...........##.###
.................+
#...........##.###
####...######.#


You could see leafyfresh's ghost, 2 orcs and a kobold.

Vanquished Creatures
  4 adders (D:2)
  A shadow imp (D:2)
  A dart slug (D:2)
  A leopard gecko (D:2)
  3 orcs (D:3)
  A bat (D:1)
  A giant cockroach (D:1)
  5 goblins
  4 hobgoblins (D:1)
  4 jackals (D:1)
  2 quokkas (D:2)
  2 frilled lizards (D:1)
  4 kobolds
  5 rats
38 creatures vanquished.

Notes
Turn   | Place    | Note
-------+----------+-------------------------------------------
     0 | D:1      | Fang the Gargoyle Berserker began the quest for the Orb.
     0 | D:1      | Reached XP level 1. HP: 14/14 MP: 1/1
   127 | D:1      | Reached XP level 2. HP: 13/19 MP: 2/2
   754 | D:2      | Reached XP level 3. HP: 24/24 MP: 3/3
  1428 | D:2      | Reached XP level 4. HP: 3/29 MP: 4/4
  1938 | D:2      | Reached skill level 4 in Fighting
  2393 | D:3      | Noticed leafyfresh's ghost (amateur MfTm)
  2405 | D:3      | Reached ** piety under Trog
  2410 | D:3      | Slain by a kobold

Skill      XL: |  1  2  3  4 |
---------------+-------------+-----
Axes           | 3 |  3.8
Dodging        | 2 |  2.2
Fighting       | 4 |  4.0
Armour         | |  2.2
Stealth        | |  0.3

Action                   |  1- 3 |  4- 6 || total
-------------------------+-------+-------++-------
Melee: Hand axe          |   101 |    33 ||   134
Invok: Berserk           |     1 |       ||     1
       Burn Spellbooks   |       |     1 ||     1
  Use: Scroll            |       |     1 ||     1
  Eat: Chunk             |     3 |     2 ||     5
Armor: Animal skin       |    34 |    19 ||    53
Dodge: Dodged            |    70 |    35 ||   105
